 Dungeon Crawl Stone Soup version 0.23.0 (webtiles) character file.

Game seed: 470612586485809223

76741 Jatast the Champion of Chaos (level 15, -6/144 HPs)
             Began as a Deep Dwarf Fighter on Feb 15, 2019.
             Was the Champion of Makhleb.
             Mangled by a wolf spider (8 damage)
             ... on level 15 of the Dungeon.
             The game lasted 01:00:56 (20036 turns).

Jatast the Champion of Chaos (Deep Dwarf Fighter)  Turns: 20036, Time: 01:00:57

Health: -6/144     AC: 21    Str: 28    XL:     15   Next: 13%
Magic:  31/31 (22) EV:  6    Int: 13    God:    Makhleb [******]
Gold:   502        SH: 21    Dex: 13    Spells: 13/14 levels left

rFire    . . .     SeeInvis +   L - +6 eveningstar (freeze)
rCold    + . .     Gourm    .   j - +1 large shield
rNeg     + + .     Faith    .   e - +1 chain mail {MR+}
rPois    .         Spirit   .   S - +1 helmet {SInv}
rElec    .         Reflect  .   n - scarf {repulsion}
rCorr    +         Harm     .   N - +2 pair of gloves
MR       ++...                  Z - +0 pair of boots "Goteh" {rF+ MR+ Str+5}
Stlth    ..........             (no amulet)
HPRegen  0.00/turn              J - ring "Liecoq" {rCorr MP+9 Int+4 Slay+3}
MPRegen  0.22/turn              P - ring "Doext" {Ice rN+ Int-2 Slay+5}

@: vulnerable, flayed, non-regenerating, studying Earth Magic, repel missiles
A: damage resistance, heal wounds, negative energy resistance 1, sense
surroundings 2, no regeneration
a: Heal Wounds, Minor Destruction, Lesser Servant of Makhleb, Major Destruction,
Greater Servant of Makhleb, Renounce Religion


You were on level 15 of the Dungeon.
You worshipped Makhleb.
Makhleb was exalted by your worship.
You were not hungry.

You visited 3 branches of the dungeon, and saw 22 of its levels.
You also visited: Sewer.

You collected 1572 gold pieces.
You spent 1070 gold pieces at shops.

Inventory:

Hand Weapons
 L - a +6 eveningstar of freezing (weapon)
Missiles
 t - 12 javelins (quivered)
 E - 7 throwing nets
Armour
 e - a +1 chain mail of magic resistance (worn)
 j - a +1 large shield (worn)
 n - a scarf of repulsion (worn)
 N - a +2 pair of gloves (worn)
 S - a +1 helmet of see invisible (worn)
 Z - the +0 pair of boots "Goteh" (worn) {rF+ MR+ Str+5}
   (You found it on level 6 of the Lair of Beasts)

   It affects your strength (+5).
   It protects you from fire.
   It affects your resistance to hostile enchantments.
Jewellery
 g - an uncursed ring of flight
 w - an uncursed ring of protection from magic
 B - the ring of Propriety {rElec Str+3 Int+3 Dex+5 Slay-3}
   (You took it off a gnoll on level 5 of the Dungeon)

   [ring of strength]

   It affects your strength (+3).
   It affects your intelligence (+3).
   It affects your dexterity (+5).
   It affects your accuracy and damage with ranged weapons and melee attacks
   (-3).
   It insulates you from electricity.
 J - the ring "Liecoq" (left hand) {rCorr MP+9 Int+4 Slay+3}
   (You took it off a gnoll sergeant on level 8 of the Dungeon)

   [ring of resist corrosion]

   It affects your intelligence (+4).
   It affects your accuracy and damage with ranged weapons and melee attacks
   (+3).
   It affects your magic capacity (+9).
 K - an uncursed amulet of harm {unknown}
 P - the ring "Doext" (right hand) {Ice rN+ Int-2 Slay+5}
   (You took it off a gnoll on level 8 of the Dungeon)

   [ring of ice]

   It enhances your ice magic.
   It affects your intelligence (-2).
   It affects your accuracy and damage with ranged weapons and melee attacks
   (+5).
   It makes you vulnerable to fire.
   It protects you from cold.
   It protects you from negative energy.
 X - an uncursed ring of protection from fire
Wands
 i - a wand of flame (38)
 l - a wand of random effects (17)
 s - a wand of acid (8)
 I - a wand of iceblast (19)
 M - a wand of disintegration (15)
 R - a wand of paralysis (14)
 T - a wand of scattershot (6)
Scrolls
 h - 10 scrolls of teleportation
 m - 10 scrolls of identify
 q - 7 scrolls of fog
 u - a scroll of enchant weapon
 y - 4 scrolls of amnesia
 C - 5 scrolls of enchant armour
 D - 11 scrolls of remove curse
 F - 5 scrolls of magic mapping
 H - a scroll of blinking
Potions
 a - 2 potions of brilliance
 c - 3 potions of curing
 d - 3 potions of might
 k - 3 potions of mutation
 o - a potion of resistance
 p - 2 potions of haste
 r - 4 potions of lignification
 v - 8 potions of ambrosia
 x - 5 potions of heal wounds
 z - 4 potions of magic
 A - 5 potions of flight
 Q - 3 potions of agility
 U - a potion of cancellation
 W - a potion of invisibility {unknown}
Books
 O - a manual of Earth Magic
Miscellaneous
 G - a lamp of fire
Comestibles
 f - 50 rations


   Skills:
 + Level 11.6 Fighting
 * Level 13.2 Maces & Flails
 + Level 13.1 Armour
 + Level 13.4 Shields
 + Level 14.5 Invocations


You had 13 spell levels left.
You knew the following spells:

 Your Spells              Type           Power        Failure   Level  Hunger
a - Confusing Touch       Hex            #.....       99%         1    ##.....

Your spell library contained the following spells:

 Spells                   Type           Power        Failure   Level  Hunger
 Animate Skeleton         Necr           N/A          99%         1    ##.....
 Apportation              Tloc           #.....       99%         1    ##.....
 Beastly Appendage        Tmut           #.....       99%         1    ##.....
 Corona                   Hex            #......      99%         1    ##.....
 Magic Dart               Conj           #...         99%         1    ##.....
 Sandblast                Erth           #.....       99%         1    ##.....
 Summon Butterflies       Summ           #.......     99%         1    ##.....
 Summon Small Mammal      Summ           #...         99%         1    ##.....
 Ensorcelled Hibernation  Hex/Ice        #.....       100%        2    ###....
 Passwall                 Tmut/Erth      #.......     100%        2    ###....
 Poisonous Vapours        Pois/Air       #.....       100%        2    ###....
 Searing Ray              Conj           #.....       100%        2    ###....
 Slow                     Hex            #.......     100%        2    ###....
 Sticks to Snakes         Tmut           #.......     100%        2    ###....
 Sublimation of Blood     Necr           #.........   100%        2    ###....
 Confuse                  Hex            #.......     100%        3    ####...
 Conjure Flame            Conj/Fire      #.......     100%        3    ####...
 Dazzling Spray           Conj/Hex       #.....       100%        3    ####...
 Ignite Poison            Fire/Tmut/Pois #.......     100%        3    ####...
 Inner Flame              Hex/Fire       #.......     100%        3    ####...
 Lesser Beckoning         Tloc           #.........   100%        3    ####...
 Mephitic Cloud           Conj/Pois/Air  #.......     100%        3    ####...
 Portal Projectile        Hex/Tloc       #.....       100%        3    ####...
 Spider Form              Tmut/Pois      #.........   100%        3    ####...
 Stone Arrow              Conj/Erth      #.....       100%        3    ####...
 Tukima's Dance           Hex            #.......     100%        3    ####...
 Cause Fear               Hex            #.........   100%        4    #####..
 Force Lance              Conj/Tloc      #.......     100%        4    #####..
 Fulminant Prism          Conj/Hex       #.........   100%        4    #####..
 Ice Form                 Ice/Tmut       #.......     100%        4    #####..
 Iskenderun's Mystic Bla  Conj           #.......     100%        4    #####..
 Leda's Liquefaction      Hex/Erth       #.........   100%        4    #####..
 Petrify                  Tmut/Erth      #.......     100%        4    #####..
 Summon Lightning Spire   Summ/Air       #.......     100%        4    #####..
 Alistair's Intoxication  Tmut/Pois      #.......     100%        5    ######.
 Blade Hands              Tmut           #.........   100%        5    ######.
 Irradiate                Conj/Tmut      #.........   100%        5    ######.
 Lee's Rapid Deconstruct  Erth           #.........   100%        5    ######.
 Silence                  Hex/Air        #.........   100%        5    ######.
 Conjure Ball Lightning   Conj/Air       #.........   100%        6    #######
 Deflect Missiles         Chrm/Air       #.........   100%        6    #######
 Freezing Cloud           Conj/Ice/Air   #.........   100%        6    #######
 Invisibility             Hex            #.......     100%        6    #######
 Ring of Flames           Chrm/Fire      #.........   100%        7    #######
 Tornado                  Air            #.........   100%        9    #######


Dungeon Overview and Level Annotations

Branches:
Dungeon (15/15)            Temple (1/1) D:5            Lair (6/6) D:8
 Shoals (0/4) Lair:4       Spider (0/4) Lair:3        Slime (0/5) Lair:5
    Orc (0/2) D:10         Vaults (0/5) D:13         Depths (0/5) D:15

Altars:
Ashenzari
Dithmenos
Gozag
Hepliaklqana
Kikubaaqudgha
Makhleb
Okawaru
Uskayaw
Xom
Zin
The Shining One

Shops:
D:7 !   D:9 *   D:12 ?

Annotations:
D:15 , 2 transporters, Uhlv's ghost, journeyman MiWn


Innate Abilities, Weirdness & Mutations

You are resistant to damage.
You can heal yourself by infusing magical energy.
You resist negative energy. (rN+)
You passively map the area around you.
You do not regenerate.


Message History

Your magical essence is drained by the effort!
You feel much better.
A redback comes into view.
The storm dragon bites you but does no damage.
You block the storm dragon's attack. The storm dragon closely misses you.
The wolf spider hits you.
The wolf spider bites you but does no damage.
You block the wolf spider's attack. x2
You block the phantasmal warrior's attack.
You block the wolf spider's attack. x2
The storm dragon breathes lightning at you.
The bolt of lightning hits you!!
* * * LOW HITPOINT WARNING * * *
The bolt of lightning hits you!!!
* * * LOW HITPOINT WARNING * * *
The war gargoyle launches metal splinters at you.
The spray of metal splinters misses you.
The flayed ghost cries, "Suffer as I suffered!"
The wolf spider hits you!
You die...

#........# #.#####.## #####
#........# #.......##
#...#####........# ####.#####
#.#..............# #.# #
#...#####........# #.# # ##.##
#)##.###.# ####.#### #.#
#........# #.......# #.##
###..<#### #.#...#.# #..#
##...@9## #.......# ##..#
##....ss.## #.......#
##..(###.....D.W..####.......##
#.......+.....TD..'..÷.........
##...####.........###....#.####
##÷.# ##..Woc.H## ##.#..# ##.##
#....sT.# * ##.#.# ####...#
##......# ##.## #......#
#.#.'T...# #.# #


You could see 2 storm dragons, a sphinx, an orc knight, a flayed ghost, 2 wolf
spiders, a war gargoyle, a phantasmal warrior, 2 deep troll earth magi, a
yaktaur and a redback.

Vanquished Creatures
  Kirke (Lair:5)
  Nessos (D:13)
  Snorg (D:13)
  Josephine (D:11)
  Harold (Lair:1)
  A hydra (Lair:2)
  Erolcha (D:11)
  A rakshasa (D:15)
  Erica (D:10)
  The ghost of Wogokhlo the Spry, a journeyman FeBe of Trog (Lair:6)
  3 centaur warriors
  A death knight (D:15)
  3 catoblepae (Lair:6)
  A tengu warrior (D:15)
  2 two-headed ogres
  3 death yaks (Lair:6)
  Urug (D:12)
  A deep elf knight (D:13)
  5 skeletal warriors
  An unseen horror (D:13)
  A wizard (D:10)
  An unseen horror (shapeshifter) (D:15)
  Pikel (D:7)
  An oklob plant (Lair:2)
  2 wolf spider zombies
  4 ugly things
  2 deep elf magi (D:13)
  3 manticores
  2 cyclopes (D:15)
  A centaur zombie (D:14)
  5 elephants (Lair:4)
  An eye of devastation (Lair:5)
  Joseph (D:7)
  A black mamba (Lair:3)
  6 spiny frogs
  A kobold demonologist (D:11)
  3 rime drakes
  9 komodo dragons
  4 freezing wraiths (D:15)
  5 trolls
  3 meliai (D:14)
  2 polar bears
  2 hornets
  A harpy skeleton (D:15)
  4 hippogriffs
  10 dream sheep
  7 slime creatures
  25 blink frogs
  A meliai zombie (D:13)
  39 yaks
  A basilisk (shapeshifter) (D:15)
  6 wraiths
  4 hogs (D:7)
  3 humans (D:7)
  A steam dragon (D:8)
  Grum (D:11)
  A hungry ghost (D:13)
  3 basilisks
  A warg (shapeshifter) (D:15)
  2 soldier ants (D:12)
  3 acid dragons
  18 water moccasins
  A water moccasin (shapeshifter) (D:15)
  6 porcupines
  A hornet zombie (D:6)
  5 sky beasts
  4 orc warriors
  7 ice beasts
  3 black bears
  2 eyes of draining
  3 phantoms (D:6)
  15 wolves
  5 boggarts
  A wolf (shapeshifter) (D:15)
  3 ogres
  16 centaurs
  10 crocodiles
  8 big kobolds
  21 bullfrogs
  A gnoll sergeant (D:12)
  A wyvern zombie (D:14)
  10 scorpions
  18 killer bees
  11 wights
  2 howler monkeys (D:4)
  2 crimson imps
  A bullfrog zombie (D:11)
  4 jellies
  10 centaur skeletons
  10 hounds
  A quasit (D:13)
  7 orc priests
  8 orc wizards
  3 bullfrog skeletons (D:13)
  Jessica (D:3)
  4 iguanas
  9 worker ants
  4 gnoll shamans (D:5)
  A hound zombie (D:7)
  A hound skeleton (D:8)
  A worker ant zombie (D:5)
  Robin (D:3)
  19 adders
  36 gnolls
  2 howler monkey skeletons (D:5)
  4 river rats
  A shadow imp (D:15)
  4 oozes
  7 worms
  4 dart slugs
  6 leopard geckos
  27 orcs
  6 giant cockroaches
  13 goblins
  10 hobgoblins
  28 jackals
  7 quokkas
  7 ball pythons
  11 bats
  9 frilled lizards
  A jackal zombie (D:7)
  14 kobolds
  2 leopard gecko skeletons
  A quokka skeleton (D:7)
  12 rats
  A plant (Lair:2)
677 creatures vanquished.

Vanquished Creatures (collateral kills)
  3 hydras
  A death yak (Lair:6)
  The ghost of Kairos the Cleaver, a novice VSFi of Okawaru (D:8)
  An unseen horror (D:8)
  A torpor snail (Lair:5)
  A spiny frog (Lair:5)
  A blink frog (Lair:3)
  2 dream sheep (Lair:6)
  A hippogriff (Lair:6)
  A yak (Lair:6)
  A hog (Lair:5)
  3 water moccasins
  An ice beast (D:9)
  An eye of draining (D:8)
  2 crocodiles
  2 gnoll sergeants (D:8)
  A scorpion (D:13)
  A killer bee (D:9)
  A gnoll shaman (D:8)
  A hound (D:13)
  3 gnolls (D:8)
  A shadow imp (D:8)
  An orc (D:9)
  A quokka (D:9)
33 creatures vanquished.

Vanquished Creatures (others)
  A slave (D:7)
  An ogre (D:5)
  A human (D:3)
  A bullfrog (Lair:5)
  An iguana (D:5)
  An adder (D:5)
  A frilled lizard (D:5)
  A fungus (Lair:2)
  7 plants
15 creatures vanquished.

Grand Total: 725 creatures vanquished

Notes
Turn   | Place    | Note
-------+----------+-------------------------------------------
     0 | D:1      | Jatast the Deep Dwarf Fighter began the quest for the Orb.
     0 | D:1      | Reached XP level 1. HP: 20/20 MP: 1/1
   156 | D:1      | Reached XP level 2. HP: 25/27 MP: 2/2
   414 | D:1      | Reached XP level 3. HP: 32/34 MP: 3/3
   891 | D:2      | Noticed a sky beast
  1067 | D:2      | Reached XP level 4. HP: 21/42 MP: 4/4
  1192 | D:2      | You fall through a shaft!
  1369 | D:3      | Found an ancient bone altar of Kikubaaqudgha.
  1369 | D:3      | Noticed a human
  1399 | D:3      | Killed a human
  1668 | D:2      | Killed a sky beast
  1668 | D:2      | Reached XP level 5. HP: 37/50 MP: 5/5
  1821 | D:2      | Found a hide-covered altar of Uskayaw.
  1894 | D:3      | Noticed Jessica
  1909 | D:3      | Killed Jessica
  1909 | D:3      | Reached skill level 5 in Maces & Flails
  1951 | D:3      | Noticed Robin
  1982 | D:3      | Killed Robin
  1982 | D:3      | Reached XP level 6. HP: 37/57 MP: 6/6
  2498 | D:4      | Found an opulent altar of Gozag.
  2691 | D:4      | Found a glowing golden altar of the Shining One.
  2788 | D:4      | Reached XP level 7. HP: 59/66 MP: 7/7
  3209 | D:5      | Entered Level 5 of the Dungeon
  3278 | D:5      | Reached skill level 5 in Shields
  3395 | D:5      | Found a shimmering altar of Xom.
  3479 | D:5      | Reached skill level 5 in Fighting
  3492 | D:5      | Found a staircase to the Ecumenical Temple.
  3496 | D:5      | Reached XP level 8. HP: 43/74 MP: 8/8
  3510 | Temple   | Entered the Ecumenical Temple
  3516 | Temple   | Became a worshipper of Makhleb the Destroyer
  3577 | D:5      | Reached skill level 1 in Invocations
  3624 | D:5      | Found a glowing drain.
  3673 | Sewer    | Entered a sewer
  3789 | Sewer    | Reached skill level 2 in Invocations
  4549 | D:5      | Identified the ring of Propriety {rElec Str+3 Int+3 Dex+5
                  | Slay-3}
  4588 | D:5      | Reached * piety under Makhleb
  4990 | D:5      | Reached skill level 3 in Invocations
  5032 | D:5      | Reached skill level 5 in Armour
  5096 | D:5      | Reached ** piety under Makhleb
  5255 | D:5      | Gained mutation: You passively map the area around you.
                  | [Deep Dwarf growth]
  5255 | D:5      | Reached XP level 9. HP: 49/82 MP: 11/11
  5412 | D:6      | Found a glowing silver altar of Zin.
  5412 | D:6      | Found a hazy altar of Hepliaklqana.
  5833 | D:6      | Found a shattered altar of Ashenzari.
  5926 | D:6      | Reached skill level 4 in Invocations
  5967 | D:6      | You fall through a shaft!
  6011 | D:7      | Found an iron altar of Okawaru.
  6527 | D:7      | Found Etuezoh's Distillery.
  6536 | D:7      | Bought a potion of degeneration for 10 gold pieces
  6536 | D:7      | Bought a potion of berserk rage for 50 gold pieces
  6536 | D:7      | Bought a potion of haste for 100 gold pieces
  6536 | D:7      | Bought a potion of heal wounds for 50 gold pieces
  6536 | D:7      | Bought a potion of mutation for 80 gold pieces
  6653 | D:7      | Noticed Pikel
  6671 | D:7      | Killed Pikel
  6671 | D:7      | Reached skill level 5 in Invocations
  6825 | D:7      | Reached XP level 10. HP: 53/92 MP: 13/13
  6866 | D:7      | Noticed Joseph
  6896 | D:7      | Killed Joseph
  7144 | D:8      | Reached *** piety under Makhleb
  7144 | D:8      | Reached skill level 6 in Invocations
  7188 | D:8      | Killed an unseen horror
  7228 | D:8      | Reached skill level 10 in Maces & Flails
  7248 | D:8      | Learned a level 1 spell: Confusing Touch
  7301 | D:8      | Found a staircase to the Lair.
  7435 | D:8      | Found a transporter.
  7437 | D:8      | Identified the ring "Liecoq" {rCorr MP+9 Int+4 Slay+3}
  7441 | D:8      | Found a transporter.
  7444 | D:8      | Identified the ring "Doext" {Ice rN+ Int-2 Slay+5}
  7790 | D:8      | Noticed Kairos's ghost (novice VSFi)
  7828 | D:8      | Killed Kairos's ghost
  8070 | D:9      | Noticed a two-headed ogre
  8082 | D:9      | Killed a two-headed ogre
  8082 | D:9      | Reached skill level 7 in Invocations
  8174 | D:9      | Reached **** piety under Makhleb
  8305 | D:9      | Found a shadowy altar of Dithmenos.
  8362 | D:9      | Found Nog Lyom's Serpentskin Sales.
  8553 | D:10     | Entered Level 10 of the Dungeon
  8573 | D:10     | Reached XP level 11. HP: 88/100 MP: 15/15
  8624 | D:10     | Found a staircase to the Orcish Mines.
  8858 | D:10     | Noticed a two-headed ogre
  8869 | D:10     | Killed a two-headed ogre
  9031 | D:10     | Noticed Erica
  9120 | D:10     | Killed Erica
  9120 | D:10     | Reached skill level 8 in Invocations
  9138 | D:10     | Noticed a wizard
  9152 | D:10     | Paralysed by a wizard for 3 turns
  9162 | D:10     | Killed a wizard
  9550 | D:11     | Noticed Erolcha
  9588 | D:11     | Killed Erolcha
  9902 | D:11     | Noticed Josephine
  9921 | D:11     | Killed Josephine
 10057 | D:11     | Reached skill level 9 in Invocations
 10115 | D:11     | Noticed Grum
 10142 | D:11     | Killed Grum
 10414 | Lair:1   | Entered Level 1 of the Lair of Beasts
 10487 | Lair:1   | Reached XP level 12. HP: 94/111 MP: 17/17
 10659 | Lair:1   | Reached ***** piety under Makhleb
 10979 | Lair:1   | Noticed Harold
 10998 | Lair:1   | Killed Harold
 11209 | Lair:2   | Reached skill level 10 in Shields
 11232 | Lair:2   | Reached skill level 10 in Invocations
 11328 | Lair:2   | You fall through a shaft!
 11792 | Lair:2   | Noticed a seven-headed hydra
 11802 | Lair:2   | Killed a seven-headed hydra
 11982 | Lair:2   | Reached skill level 10 in Armour
 12525 | Lair:3   | Reached skill level 11 in Invocations
 12525 | Lair:3   | Noticed a five-headed hydra
 12546 | Lair:3   | Killed a five-headed hydra
 12681 | Lair:3   | Found a hole to the Spider Nest.
 13390 | Lair:4   | You fall through a shaft!
 13405 | Lair:5   | Reached XP level 13. HP: 121/121 MP: 20/20
 13609 | Lair:5   | Noticed Kirke
 13632 | Lair:5   | Noticed a sphinx
 13632 | Lair:5   | Killed Kirke
 13783 | Lair:4   | Reached skill level 10 in Fighting
 13821 | Lair:4   | Reached skill level 12 in Invocations
 14225 | Lair:4   | Found a staircase to the Shoals.
 14810 | Lair:5   | Found a staircase to the Slime Pits.
 15288 | Lair:6   | Entered Level 6 of the Lair of Beasts
 15389 | Lair:6   | Noticed Wogokhlo's ghost (journeyman FeBe)
 15390 | Lair:6   | Found a runed translucent door.
 15877 | Lair:6   | Killed Wogokhlo's ghost
 15877 | Lair:6   | Reached skill level 13 in Invocations
 16070 | Lair:6   | Gained mutation: You resist negative energy. (rN+) [Deep
                  | Dwarf growth]
 16070 | Lair:6   | Reached XP level 14. HP: 87/133 MP: 21/21
 16230 | Lair:6   | Reached ****** piety under Makhleb
 16341 | Lair:6   | Got a pair of steaming boots
 16352 | Lair:6   | Identified the +0 pair of boots "Goteh" {rF+ MR+ Str+5}
                  | (You found it on level 6 of the Lair of Beasts)
 17308 | D:12     | Found Vearreps's Magic Scroll Emporium.
 17324 | D:12     | Noticed Urug
 17392 | D:12     | Killed Urug
 17445 | D:12     | Bought a scroll of acquirement for 780 gold pieces
 17814 | D:13     | Noticed Snorg
 17836 | D:13     | Killed Snorg
 18004 | D:13     | Noticed Nessos
 18026 | D:13     | Killed Nessos
 18561 | D:13     | Found a gate to the Vaults.
 18630 | D:13     | Reached skill level 14 in Invocations
 19040 | D:15     | Entered Level 15 of the Dungeon
 19121 | D:15     | Found a huge runed gate.
 19121 | D:15     | Found a huge runed gate.
 19123 | D:15     | Found a huge runed gate.
 19124 | D:15     | Found a huge runed gate.
 19466 | D:15     | Found a staircase to the Depths.
 19513 | D:15     | Reached XP level 15. HP: 133/142 MP: 23/23
 19638 | D:15     | Noticed Uhlv's ghost (journeyman MiWn)
 19700 | D:15     | Found a huge runed gate.
 19700 | D:15     | Found a huge runed gate.
 19709 | D:15     | Found a huge runed gate.
 19710 | D:15     | Found a huge runed gate.
 19726 | D:15     | Found a huge runed gate.
 19728 | D:15     | Found a huge runed gate.
 19729 | D:15     | Found a huge runed gate.
 19730 | D:15     | Found a huge runed gate.
 19820 | D:15     | Found a huge runed gate.
 19820 | D:15     | Found a huge runed gate.
 19821 | D:15     | Found a huge runed gate.
 19884 | D:15     | Found a huge runed gate.
 19885 | D:15     | Found a huge runed gate.
 19934 | D:15     | Found a transporter.
 19947 | D:15     | Found a transporter.
 20014 | D:15     | Noticed a storm dragon
 20014 | D:15     | Noticed a storm dragon
 20014 | D:15     | Noticed a sphinx
 20036 | D:15     | HP: 2/144 [storm dragon/bolt of lightning (37)]
 20036 | D:15     | Mangled by a wolf spider

Skill      XL: |  1  2  3  4  5  6  7  8  9 10 11 12 13 14 15 |
---------------+----------------------------------------------+-----
Fighting       | 3 4 5 6 7 8 9 10 11 | 11.6
Maces & Flails | 3 4 5 6 8 9 10 12 13 | 13.2
Shields        | 4 5 6 7 8 9 11 12 13 | 13.4
Armour         | 4 5 6 7 9 10 12 13 | 13.1
Invocations    | 3 5 7 9 11 13 14 | 14.5

Action                   |  1- 3 |  4- 6 |  7- 9 | 10-12 | 13-15 || total
-------------------------+-------+-------+-------+-------+-------++-------
Melee: Flail             |   121 |   232 |       |       |       ||   353
       Whip              |       |    53 |   912 |   950 |   752 ||  2667
       Spear             |       |       |       |    44 |       ||    44
       Eveningstar       |       |       |       |       |   390 ||   390
Throw: Javelin           |       |     1 |    14 |    34 |     2 ||    51
       Throwing net      |       |       |       |     2 |       ||     2
Invok: Minor Destruction |       |       |     6 |     9 |     1 ||    16
       Lesser Servant of |       |       |       |    10 |    11 ||    21
       Major Destruction |       |       |       |       |     1 ||     1
 Abil: Heal Wounds       |       |     3 |     5 |     7 |     7 ||    22
Evoke: Wand              |       |     1 |     1 |     1 |       ||     3
       Lamp of fire      |       |       |       |       |     1 ||     1
  Use: Scroll            |       |     8 |     4 |    12 |     1 ||    25
       Potion            |       |       |     1 |       |       ||     1
 Stab: Distracted        |       |       |       |     2 |     4 ||     6
  Eat: Chunk             |     1 |     6 |    13 |    23 |    15 ||    58
       Ration            |       |       |       |       |     3 ||     3
Armor: Scale mail        |    51 |    86 |     6 |   161 |   176 ||   480
       Chain mail        |       |       |   162 |    48 |   132 ||   342
Dodge: Dodged            |    25 |    48 |    51 |    90 |   127 ||   341
       Deflected         |       |       |     5 |     4 |     6 ||    15
Block: Shield            |    17 |       |       |       |       ||    17
       Large shield      |    76 |   236 |   560 |   638 |   891 ||  2401
